 Dungeon Crawl Stone Soup version 0.27-a0-1256-gced786f65e (webtiles) character file.

Game seed: 8876905300739938046

6426 bobarctor the Thaumaturge (level 10, -11/52 HPs)
             Began as a Deep Elf Necromancer on June 9, 2021.
             Was a Believer of Kikubaaqudgha.
             Shot with an arrow by a centaur warrior (19 damage)
             ... on level 9 of the Dungeon on June 10, 2021.
             The game lasted 01:18:29 (13499 turns).

bobarctor the Thaumaturge (Deep Elf Necromancer)   Turns: 13499, Time: 01:18:29

Health: -11/52     AC:  7    Str:  5    XL:     10   Next: 67%
Magic:  2/29       EV: 13    Int: 29    God:    Kikubaaqudgha [**....]
Gold:   451        SH:  0    Dex: 11    Spells: 4/36 levels left

rFire    + . .     SeeInvis .   v - +6 spear "Beastbane" {freeze, Drain rF+ rC+}
rCold    + . .     Faith    .   (no shield)
rNeg     . . .     Spirit   .   a - +1 robe
rPois    +         Reflect  .   y - +0 helmet
rElec    .         Harm     .   r - +0 cloak
rCorr    .         Rampage  .   I - +1 pair of gloves of Past Mistakes {Will+ Int+5 Dex-4 Stlth+}
Will     ++...                  (no boots)
Stlth    +++.......             (no amulet)
HPRegen  0.17/turn              m - ring of wizardry
MPRegen  0.21/turn              u - ring of poison resistance

@: lethally poisoned (-11 -> -14)
A: no striking features
a: Renounce Religion, Receive Corpses


You were on level 9 of the Dungeon.
You worshipped Kikubaaqudgha.
Kikubaaqudgha was pleased with you.
You visited 1 branch of the dungeon, and saw 9 of its levels.

You collected 451 gold pieces.

Inventory:

Hand Weapons
 b - a +1 flail of venom
 v - the +6 spear "Beastbane" (weapon) {freeze, Drain rF+ rC+}
   (You found it on level 6 of the Dungeon)

   It has been specially enchanted to freeze those struck by it, causing extra
   injury to most foes and up to half again as much damage against particularly
   susceptible opponents.
   It can also slow down cold-blooded creatures.
   It protects you from fire.
   It protects you from cold.
   It drains your maximum health when unequipped.
 z - a +0 shortbow
 G - a +0 falchion of holy wrath
Missiles
 e - 158 arrows
 g - 210 stones (quivered)
 o - 16 poisoned darts
 w - 6 boomerangs
 x - 51 bolts
 C - a throwing net
Armour
 a - a +1 robe (worn)
 r - a +0 cloak (worn)
 y - a +0 helmet (worn)
 I - the +1 pair of gloves of Past Mistakes (worn) {Will+ Int+5 Dex-4 Stlth+}
   (You acquired it on level 8 of the Dungeon)

   It affects your intelligence (+5).
   It affects your dexterity (-4).
   It increases your willpower.
   It makes you more stealthy.
Jewellery
 h - a ring of positive energy
 i - a +4 ring of protection
 m - a ring of wizardry (left hand)
 u - a ring of poison resistance (right hand)
 E - a +4 ring of evasion
 L - a ring of see invisible
Wands
 k - a wand of digging (5)
 l - a wand of charming (7)
 n - a wand of polymorph (12)
 D - a wand of paralysis (6)
 K - a wand of flame (21)
Scrolls
 c - 3 scrolls of enchant armour
 B - a scroll of fog
 H - a scroll of fear
 J - 2 scrolls of identify
 M - a scroll of teleportation
Potions
 d - 6 potions of curing
 f - 2 potions of flight
 j - 2 potions of ambrosia
 p - a potion of magic
 q - 2 potions of cancellation
 s - 2 potions of brilliance
 t - a potion of invisibility
 A - a potion of lignification
 F - a potion of haste


   Skills:
 + Level 1.2 Fighting
 + Level 4.7 Dodging
 + Level 4.2 Stealth
 * Level 13.7 Spellcasting
 + Level 5.1 Conjurations
 + Level 0.9 Summonings
 * Level 10.5 Necromancy
 + Level 1.4 Translocations
 + Level 3.7 Fire Magic
 + Level 2.3 Air Magic
 + Level 2.3 Earth Magic
 + Level 2.9 Poison Magic


You had 4 spell levels left.
You knew the following spells:

 Your Spells              Type           Power      Damage    Failure   Level
a - Pain                  Necr           100%       1d9       1%          1
b - Animate Skeleton      Necr           100%       N/A       1%          1
c - Magic Dart            Conj           100%       1d8       1%          1
d - Blink                 Tloc           N/A        N/A       1%          2
e - Vampiric Draining     Necr           34%        2d10      1%          3
f - Mephitic Cloud        Conj/Pois/Air  40%        N/A       1%          3
g - Conjure Flame         Conj/Fire      45%        6-21      1%          3
h - Call Imp              Summ           25%        N/A       1%          2
i - Animate Dead          Necr           34%        N/A       1%          4
j - Agony                 Necr           69%        N/A       1%          5
k - Bolt of Magma         Conj/Fire/Erth 20%        4d10      6%          5
l - Sublimation of Blood  Necr           34%        N/A       1%          2

Your spell library contained the following spells:

 Spells                   Type           Power      Damage    Failure   Level
 Corpse Rot               Necr/Air       N/A        N/A       1%          2
 Slow                     Hex            19%        N/A       1%          2
 Iskenderun's Battlesphe  Conj           50%        2d10      3%          5
 Iron Shot                Conj/Erth      20%        9d5       32%         6
 Orb of Destruction       Conj           25%        9d10      67%         7
 Spellforged Servitor     Conj/Summ      18%        N/A       91%         7


Dungeon Overview and Level Annotations

Branches:
Dungeon (9/15)             Temple (0/1) D:7            Lair (0/6) D:9
    Orc: D:9-12

Altars:
Gozag
Kikubaaqudgha
Ru
Zin
The Shining One


Message History

You feel life coursing into your body.
* * * LOW HITPOINT WARNING * * *
You feel sick. The water moccasin bites you.
* * * LOW HITPOINT WARNING * * *
The water moccasin misses you.
Casting: Vampiric Draining (safe; 1% risk of failure)
Confirm with . or Enter, or press ? or * to list all spells.
Aiming: Vampiric Draining (safe; 1% risk of failure)
Press: ? - help, Shift-Dir - straight line, f/p - water moccasin
Aim: a water moccasin (moderately wounded)
You draw life force from the water moccasin!
You feel life coursing into your body.
You feel sick. The water moccasin bites you.
* * * LOW HITPOINT WARNING * * *
Casting: Vampiric Draining (safe; 1% risk of failure)
Confirm with . or Enter, or press ? or * to list all spells.
You don't know that spell.
Casting: Vampiric Draining (safe; 1% risk of failure)
Confirm with . or Enter, or press ? or * to list all spells.
Aiming: Vampiric Draining (safe; 1% risk of failure)
Press: ? - help, Shift-Dir - straight line, f/p - water moccasin
Aim: a water moccasin (severely wounded)
You draw life force from the water moccasin.
You feel life coursing into your body.
You feel sick. The water moccasin misses you.
The water moccasin barely misses you.
Casting: Vampiric Draining (safe; 1% risk of failure)
Confirm with . or Enter, or press ? or * to list all spells.
Aiming: Vampiric Draining (safe; 1% risk of failure)
Press: ? - help, Shift-Dir - straight line, f/p - water moccasin
Aim: a water moccasin (almost dead)
You draw life force from the water moccasin!
You kill the water moccasin!
Kikubaaqudgha accepts your kill.
You feel life coursing into your body.
You feel sick.
You feel sick.
The centaur warrior seems less confused.
The centaur warrior wields a +0 shortbow.
The centaur warrior shoots an arrow.
The arrow hits you!!
You die...
Kikubaaqudgha rasps: "You have failed me!
Welcome... death!"

(........# ##.#.#.#.##
###.........#
#..#)#.#.#.##
#.........#
##.#.#[#.##
#..†c.....#
##.#.#.#.## #.......
#####@##### #.......
#.........# #.......
#.###.###.# #....... #
#.# #.# #.......
#.###.###.# #.......
#.........#...#.......
#.###.###.#...#.......
# #.# #.#...#+#..>..
#.###.###.#.....#.....


You could see a centaur warrior.

Vanquished Creatures
  A two-headed ogre (D:9)
  2 cyclopes
  Prince Ribbit (D:6)
  A wyvern (D:8)
  Sigmund (D:2)
  12 yaks
  2 water moccasins (D:9)
  4 orc warriors
  2 sky beasts
  An acid dragon (D:9)
  An ice beast (D:7)
  A hornet zombie (D:7)
  A necrophage (D:5)
  4 centaurs
  An ogre (D:5)
  A kobold brigand (D:8)
  A bullfrog (D:8)
  2 scorpions (D:7)
  2 wyvern skeletons (D:7)
  3 hounds
  3 jellies
  A bullfrog zombie (D:6)
  4 centaur zombies
  3 orc priests
  A centaur skeleton (D:5)
  5 orc wizards
  5 hell rats (D:7)
  A killer bee zombie (D:5)
  2 howler monkey zombies
  7 gnolls
  6 adders
  7 river rats (D:7)
  2 white imps
  An ufetubus (D:4)
  3 worms
  2 dart slugs
  20 orcs
  6 ball pythons
  3 endoplasms
  5 giant cockroaches
  4 goblins
  7 hobgoblins
  5 jackals
  8 quokkas
  2 bats (D:1)
  6 frilled lizards
  8 kobolds
  15 rats
186 creatures vanquished.

Vanquished Creatures (collateral kills)
  2 phantoms
2 creatures vanquished.

Grand Total: 188 creatures vanquished

Notes
Turn   | Place    | Note
-------+----------+-------------------------------------------
     0 | D:1      | bobarctor the Deep Elf Necromancer began the quest for the
                  | Orb.
     0 | D:1      | Reached XP level 1. HP: 10/10 MP: 6/6
   254 | D:1      | Reached skill level 5 in Necromancy
   356 | D:1      | Reached XP level 2. HP: 8/15 MP: 1/8
   488 | D:1      | Learned a level 1 spell: Animate Skeleton
   775 | D:1      | You fall into a shaft and drop 1 floor!
   797 | D:2      | Noticed Sigmund
  1394 | D:1      | Learned a level 1 spell: Magic Dart
  1397 | D:1      | Learned a level 2 spell: Blink
  1444 | D:2      | Reached XP level 3. HP: 16/19 MP: 6/10
  1493 | D:2      | Learned a level 3 spell: Vampiric Draining
  1551 | D:2      | Reached skill level 4 in Spellcasting
  2418 | D:3      | Reached XP level 4. HP: 22/24 MP: 9/12
  2485 | D:3      | Learned a level 3 spell: Mephitic Cloud
  2534 | D:3      | Reached skill level 5 in Spellcasting
  3222 | D:4      | Reached XP level 5. HP: 17/28 MP: 12/15
  3560 | D:4      | Reached skill level 1 in Conjurations
  4022 | D:4      | Learned a level 3 spell: Conjure Flame
  4113 | D:2      | Killed Sigmund
  4114 | D:2      | Reached skill level 6 in Spellcasting
  4114 | D:2      | Reached skill level 1 in Poison Magic
  4114 | D:2      | Reached XP level 6. HP: 32/32 MP: 3/17
  4213 | D:2      | Found a faded altar of an unknown god.
  4332 | D:5      | Entered Level 5 of the Dungeon
  4449 | D:5      | Reached skill level 1 in Air Magic
  4475 | D:5      | Reached skill level 7 in Spellcasting
  5207 | D:5      | Found a sacrificial altar of Ru.
  5238 | D:5      | Reached XP level 7. HP: 34/36 MP: 15/19
  5241 | D:5      | Learned a level 2 spell: Call Imp
  5246 | D:5      | Learned a level 4 spell: Animate Dead
  5820 | D:6      | Reached skill level 8 in Spellcasting
  5922 | D:6      | Found an ancient bone altar of Kikubaaqudgha.
  6001 | D:6      | Found a glowing silver altar of Zin.
  6219 | D:6      | Found an opulent altar of Gozag.
  6278 | D:6      | Identified the +6 spear "Beastbane" {freeze, Drain rF+ rC+}
  6521 | D:6      | Found a glowing golden altar of the Shining One.
  6989 | D:6      | Became a worshipper of Kikubaaqudgha
  7018 | D:7      | Noticed a cyclops
  7074 | D:7      | Noticed Prince Ribbit
  7086 | D:6      | Killed Prince Ribbit
  7087 | D:6      | Reached skill level 9 in Spellcasting
  7087 | D:6      | Reached XP level 8. HP: 41/41 MP: 5/23
  7189 | D:6      | Learned a level 5 spell: Agony
  7205 | D:7      | Reached skill level 1 in Translocations
  7275 | D:7      | Killed a cyclops
  7276 | D:7      | Reached skill level 10 in Spellcasting
  7752 | D:7      | Found a staircase to the Ecumenical Temple.
  7907 | D:7      | Upgraded the game from 0.27-a0-1245-g940ed4fa31 to
                  | 0.27-a0-1256-gced786f65e
  8046 | D:7      | Reached XP level 9. HP: 44/46 MP: 16/25
  8307 | D:7      | Reached skill level 11 in Spellcasting
  8698 | D:7      | Learned a level 5 spell: Bolt of Magma
  8763 | D:7      | Reached * piety under Kikubaaqudgha
  8763 | D:7      | Identified Kikubaaqudgha's Collected Works on Evil Rituals
                  | (Kikubaaqudgha gifted it to you on level 7 of the Dungeon)
  8763 | D:7      | Received a gift from Kikubaaqudgha
  9512 | D:7      | Reached skill level 1 in Fire Magic
 10394 | D:8      | Reached skill level 1 in Earth Magic
 10596 | D:8      | Identified a scroll of acquirement
 10596 | D:8      | Acquired the +1 pair of gloves of Past Mistakes {Will+
                  | Int+5 Dex-4 Stlth+}
 10932 | D:8      | Reached skill level 1 in Fighting
 10934 | D:8      | Reached skill level 12 in Spellcasting
 11237 | D:8      | Reached ** piety under Kikubaaqudgha
 11241 | D:8      | Learned a level 2 spell: Sublimation of Blood
 11663 | D:9      | Reached XP level 10. HP: 52/52 MP: 17/28
 12120 | D:8      | Reached skill level 13 in Spellcasting
 12382 | D:9      | Noticed a cyclops
 12407 | D:9      | Killed a cyclops
 12408 | D:9      | Reached skill level 10 in Necromancy
 12898 | D:9      | Found a staircase to the Lair.
 12900 | D:9      | Noticed a gargoyle
 12944 | D:9      | Noticed a two-headed ogre
 12984 | D:9      | Killed a two-headed ogre
 13287 | D:9      | Reached skill level 5 in Conjurations
 13483 | D:9      | Noticed a centaur warrior
 13499 | D:9      | Shot with an arrow by a centaur warrior

Illustrated notes

Levels and vault maps discovered:
D:1:      matt_arrival_spirals, layout_rooms, minmay_crystal_water, minivault_5,
          roderic_roman_lattice
D:2:      layout_basic, shapermc_ecumenical_altar_totnotflames, uniq_sigmund
D:3:      layout_basic
D:4:      cheibrodos_quashed, layout_loops_ring, hangedman_feature_mirror
D:5:      layout_gridville, nicolae_ru_the_path_less_chosen
D:6:      layout_loops_corners, grunt_gozag_statues, lemuel_tele_altar,
          tso_oasis_becter, zin_statuary
D:7:      lemuel_ratsnest, layout_basic, minmay_temple_entry_grid,
          serial_rivers, chequers_serial_rivers_micro_d,
          chequers_serial_rivers_micro_e, chequers_serial_rivers_micro_d,
          chequers_serial_rivers_small_a, chequers_serial_rivers_large_a,
          st_stairs_8, uniq_prince_ribbit1
D:8:      layout_basic
D:9:      minmay_the_grid_3x2 [minmay_the_grid_tree, minmay_the_grid_mess,
          minmay_the_grid_minigrid_small_alt, minmay_the_grid_square_x,
          minmay_the_grid_minigrid_large, minmay_the_grid_prize_four_corners],
          layout_irregular_city, lair_entry_dummy

Skill      XL: |  1  2  3  4  5  6  7  8  9 10 |
---------------+-------------------------------+-----
Necromancy     | 5 6 7 8 9 10 | 10.5
Spellcasting   | 4 5 6 7 9 10 12 13 | 13.7
Conjurations   | 2 3 4 5 |  5.1
Poison Magic   | 1 2 |  2.9
Air Magic      | 1 2 |  2.3
Dodging        | 3 4 |  4.7
Stealth        | 3 4 |  4.2
Translocations | 1 |  1.4
Fire Magic     | 3 |  3.7
Earth Magic    | 2 |  2.3
Fighting       | 1 |  1.2
Summonings     | |  0.9

Action                   |  1- 3 |  4- 6 |  7- 9 | 10-12 || total
-------------------------+-------+-------+-------+-------++-------
Melee: Flail             |     2 |    65 |     2 |       ||    69
       Spear             |       |       |   150 |    56 ||   206
 Cast: Pain              |    65 |    24 |    88 |    28 ||   205
       Magic Dart        |     2 |    18 |   112 |    43 ||   175
       Animate Skeleton  |     1 |       |       |       ||     1
       Vampiric Draining |     1 |    15 |    20 |    17 ||    53
       Mephitic Cloud    |       |     5 |    15 |    12 ||    32
       Call Imp          |       |       |     9 |       ||     9
       Conjure Flame     |       |       |    15 |     5 ||    20
       Blink             |       |       |     6 |     3 ||     9
       Bolt of Magma     |       |       |     1 |     9 ||    10
       Animate Dead      |       |       |     1 |     1 ||     2
  Use: Scroll            |     6 |     5 |     8 |       ||    19
 Stab: Confused          |       |       |     7 |     1 ||     8
       Distracted        |       |       |     1 |       ||     1
Armor: Robe              |     1 |    46 |    44 |    36 ||   127
Dodge: Dodged            |     5 |    61 |   151 |    89 ||   306

Table legend: (Time is in decaauts)
 A = Elapsed time spent in this place.
 B = Non-inter-level travel time spent in this place.
 C = Inter-level travel time spent in this place.
 D = Time resting spent in this place.
 E = Time spent auto-exploring this place.
 F = Levels seen in this place.
 G = Mean time per level.
                   A        B        C        D        E       F      G
               +--------+--------+--------+--------+--------+-----+--------+
         Total |  13569 |  12971 |    598 |   5623 |   5318 |   9 | 1507.7 |
       Dungeon |  13569 |  12971 |    598 |   5623 |   5318 |   9 | 1507.7 |
               +--------+--------+--------+--------+--------+-----+--------+

Top non-repeatable levels by time:
     D:7: 2873 daAuts
     D:8: 2347 daAuts
     D:6: 1596 daAuts
     D:5: 1450 daAuts
     D:1: 1211 daAuts
     D:3: 1181 daAuts
     D:2: 1016 daAuts
     D:9: 956 daAuts
     D:4: 936 daAuts
